[Event "39th Olympiad Khanty-Mansiysk 2010"]
[Site "Khanty-Mansiysk/Russia"]
[Date "2010.09.22"]
[Round "1"]
[White "Sutovsky, Emil"]
[Black "Megaranto, Susanto"]
[Result "1/2-1/2"]
[WhiteElo "2665"]
[BlackElo "2516"]
[PlyCount "130"]
[EventDate "2010.??.??"]
[WhiteTeam "Israel"]
[BlackTeam "Indonesia"]
[WhiteTeamCountry "ISR"]
[BlackTeamCountry "INA"]
[TimeControl "40/5400+30:1800+30"]

1. e4 c6 2. d4 d5 3. Nc3 dxe4 4. Nxe4 Bf5 5. Ng3 Bg6 6. Nf3 Nd7 7. h4 h6 8. h5
Bh7 9. Bd3 Bxd3 10. Qxd3 e6 11. Bd2 Qc7 12. O-O-O O-O-O 13. Ne4 Ngf6 14. g3
Nxe4 15. Qxe4 Nf6 16. Qe2 Bd6 17. Kb1 Rhe8 18. c4 c5 19. Bc3 Qc6 20. Rhe1 Bc7
21. Ka1 a6 22. a3 cxd4 23. Nxd4 Qg2 24. Nf3 Qh3 25. Rxd8+ Rxd8 26. Ne5 Bxe5 27.
Bxe5 Qxh5 28. Qe3 Rd1+ 29. Ka2 Nd7 30. Rxd1 Qxd1 31. Bxg7 Qg4 32. Qc3 h5 33.
Bh6 Qe2 34. Be3 f6 35. Qb4 Ne5 36. Qc5+ Kd7 37. Qd4+ Kc8 38. Kb3 Nc6 39. Qxf6
Na5+ 40. Kc3 Qxc4+ 41. Kd2 Qd5+ 42. Ke2 Nc4 43. Qf8+ Kd7 44. Qf7+ Kd8 45. Qg7
Kc8 46. Qh8+ Kd7 47. Qh7+ Kd6 48. Bc1 Ne5 49. Bf4 Qf3+ 50. Ke1 Qh1+ 51. Kd2
Qd5+ 52. Kc1 Qc4+ 53. Kd2 Qd5+ 54. Kc1 Qc4+ 55. Qc2 Kd5 56. Bxe5 Qf1+ 57. Qd1+
Qxd1+ 58. Kxd1 Kxe5 59. Ke2 Kd4 60. f3 e5 61. Kd2 e4 62. f4 e3+ 63. Ke1 Kd5 64.
Kd1 Kd4 65. Ke1 Kd5 1/2-1/2

[Event "39th Olympiad Khanty-Mansiysk 2010"]
[Site "Khanty-Mansiysk/Russia"]
[Date "2010.09.22"]
[Round "1"]
[White "Cheparinov, Ivan"]
[Black "Kozul, Zdenko"]
[Result "1/2-1/2"]
[WhiteElo "2661"]
[BlackElo "2604"]
[PlyCount "99"]
[EventDate "2010.??.??"]
[WhiteTeam "Bulgaria"]
[BlackTeam "Croatia"]
[WhiteTeamCountry "BUL"]
[BlackTeamCountry "CRO"]
[TimeControl "40/5400+30:1800+30"]

1. d4 Nf6 2. c4 g6 3. Nc3 Bg7 4. g3 c6 5. e4 d6 6. Bg2 a6 7. f4 O-O 8. Nf3 b5
9. e5 Ng4 10. h3 Nh6 11. g4 bxc4 12. f5 Kh8 13. Bf4 gxf5 14. Qd2 Ng8 15. O-O-O
d5 16. Ne2 a5 17. Ng3 Na6 18. a3 Rb8 19. Qc2 Rb3 20. Nd2 Rb7 21. Nh5 Qb6 22.
Nxg7 Kxg7 23. Nb1 Nc7 24. Nc3 Ne6 25. Be3 f4 26. Bf2 Qb3 27. Qxb3 Rxb3 28. Rd2
f6 29. Re1 fxe5 30. Rxe5 f3 31. Bf1 Nh6 32. Be3 Nf7 33. Rh5 h6 34. Rf5 Neg5 35.
Rf4 Nd6 36. Rxf8 Kxf8 37. Bxg5 hxg5 38. Rf2 Kg7 39. Rxf3 Nb5 40. Re3 Kf6 41.
Nxd5+ cxd5 42. Rxb3 cxb3 43. Bxb5 e5 44. dxe5+ Kxe5 45. Ba4 Ba6 46. Bxb3 Bf1
47. Kd2 Bxh3 48. Bd1 Bf1 49. Ba4 Kd4 50. b3 1/2-1/2

[Event "39th Olympiad Khanty-Mansiysk 2010"]
[Site "Khanty-Mansiysk/Russia"]
[Date "2010.09.22"]
[Round "1"]
[White "Mamedov, Rauf"]
[Black "Nguyen, Anh Dung"]
[Result "0-1"]
[WhiteElo "2660"]
[BlackElo "2500"]
[PlyCount "116"]
[EventDate "2010.??.??"]
[WhiteTeam "Azerbaijan"]
[BlackTeam "Vietnam"]
[WhiteTeamCountry "AZE"]
[BlackTeamCountry "VIE"]
[TimeControl "40/5400+30:1800+30"]

1. e4 e5 2. Bc4 Nf6 3. d3 Nc6 4. Nf3 Bc5 5. c3 d6 6. Bb3 h6 7. Nbd2 O-O 8. h3
Be6 9. Nf1 d5 10. Qe2 Re8 11. g4 a5 12. Ba4 dxe4 13. dxe4 Nxe4 14. Qxe4 Bd5 15.
Qe2 e4 16. Bxc6 Bxc6 17. Nd4 e3 18. Bxe3 Bxh1 19. O-O-O Qf6 20. Ng3 Bxd4 21.
Rxd4 Bf3 22. Qc4 Rad8 23. Rf4 Bd5 24. Qxc7 Qa6 25. Qb6 Bxa2 26. Qxa6 bxa6 27.
Kc2 Rb8 28. Nf5 Bb3+ 29. Kc1 a4 30. Nd4 a3 31. bxa3 Rec8 32. Bd2 Ba2 33. Nf5
Kh7 34. Nd6 Rc7 35. h4 Rb6 36. Nf5 Bb1 37. Ne3 Bd3 38. Rb4 Rb5 39. Kb2 h5 40.
g5 Re7 41. a4 Rxb4+ 42. cxb4 Re4 43. Ng2 Be2 44. Nf4 Bd1 45. a5 Rc4 46. Ka3 g6
47. Be3 Kg8 48. Bd2 Kf8 49. Be3 Ke7 50. Kb2 Kd6 51. b5 axb5 52. a6 Bf3 53. a7
Ke5 54. Nd3+ Kf5 55. Ne1 Ba8 56. Nc2 Rxh4 57. Nd4+ Rxd4 58. Bxd4 h4 0-1

[Event "39th Olympiad Khanty-Mansiysk 2010"]
[Site "Khanty-Mansiysk/Russia"]
[Date "2010.09.22"]
[Round "1"]
[White "Zhou, Jianchao"]
[Black "Diamant, Andre"]
[Result "1/2-1/2"]
[WhiteElo "2660"]
[BlackElo "2498"]
[PlyCount "137"]
[EventDate "2010.??.??"]
[WhiteTeam "China"]
[BlackTeam "Brazil"]
[WhiteTeamCountry "CHN"]
[BlackTeamCountry "BRA"]
[TimeControl "40/5400+30:1800+30"]

1. d4 Nf6 2. c4 e6 3. Nf3 d5 4. g3 Bb4+ 5. Bd2 Be7 6. Bg2 O-O 7. O-O dxc4 8.
Qc2 a6 9. Qxc4 b5 10. Qc2 Bb7 11. Rd1 Nbd7 12. Ba5 Rc8 13. Nbd2 Qe8 14. b4 Nb8
15. a3 Nc6 16. Nb3 Bd6 17. Rac1 Nxa5 18. Nxa5 Be4 19. Qb3 Bd5 20. Qb2 Ne4 21.
Ne5 f6 22. Nd3 f5 23. e3 Qh5 24. Nf4 Bxf4 25. exf4 Rf6 26. Re1 g5 27. Qe2 Qxe2
28. Rxe2 gxf4 29. gxf4 c6 30. f3 Nd6 31. Rec2 Nc4 32. Nxc4 Bxc4 33. Rxc4 bxc4
34. Rxc4 Rf7 35. Bf1 Rd7 36. Kf2 Rd5 37. Rc2 Rd6 38. Ke3 Kf7 39. Rc5 Rd5 40.
Rc2 a5 41. Bc4 Rd6 42. bxa5 c5 43. Rb2 Rxd4 44. Rb7+ Kf6 45. Bb5 Rdd8 46. Bc4
Rd1 47. Rb6 Rc1 48. Rxe6+ Kg7 49. Re7+ Kf8 50. Rf7+ Ke8 51. Bd5 Rc3+ 52. Kf2
Rxa3 53. Rxh7 Rd8 54. Bc6+ Kf8 55. Rh5 Rxa5 56. Rxf5+ Ke7 57. Be4 Ra2+ 58. Ke3
Rc8 59. Re5+ Kf6 60. Rf5+ Kg7 61. Rg5+ Kh6 62. Rg6+ Kh5 63. Rg7 Ra6 64. Kd3 c4+
65. Kc3 Ra3+ 66. Kd4 Ra6 67. Kc3 Ra3+ 68. Kd4 Ra6 69. Kc3 1/2-1/2

[Event "39th Olympiad Khanty-Mansiysk 2010"]
[Site "Khanty-Mansiysk/Russia"]
[Date "2010.09.22"]
[Round "1"]
[White "Macieja, Bartlomiej"]
[Black "Seitaj, Ilir"]
[Result "1-0"]
[WhiteElo "2651"]
[BlackElo "2390"]
[PlyCount "107"]
[EventDate "2010.??.??"]
[WhiteTeam "Poland"]
[BlackTeam "Albania"]
[WhiteTeamCountry "POL"]
[BlackTeamCountry "ALB"]
[TimeControl "40/5400+30:1800+30"]

1. e4 e5 2. Nf3 Nc6 3. d4 exd4 4. Nxd4 Bc5 5. Nxc6 Qf6 6. Qd2 bxc6 7. Nc3 Ne7
8. Na4 Bb6 9. Bd3 d5 10. O-O O-O 11. c4 Bd4 12. Qc2 h6 13. Be3 Bxe3 14. fxe3
Qe5 15. cxd5 cxd5 16. Qc5 Bd7 17. Nc3 c6 18. Rad1 Bg4 19. Rd2 Qg5 20. Bc2 dxe4
21. Qxg5 hxg5 22. Nxe4 f6 23. Bb3+ Kh7 24. Rd4 Bf5 25. Nd6 c5 26. Ra4 Bd3 27.
Rc1 Nc8 28. Nxc8 Rfxc8 29. Rc3 Be2 30. Kf2 Bh5 31. Ra5 Rd8 32. Ke1 Rd6 33.
Raxc5 Rad8 34. Rc8 R8d7 35. R3c7 Bg4 36. Bc2+ g6 37. Ba4 Rg7 38. Rxg7+ Kxg7 39.
Rc7+ Kf8 40. Rxa7 Rd3 41. Ra8+ Kf7 42. Bb3+ Ke7 43. Ra7+ Kd6 44. Ra6+ Ke5 45.
h3 Rxe3+ 46. Kf2 Re2+ 47. Kf1 Rxb2 48. hxg4 f5 49. Rxg6 fxg4 50. Rc6 Kf4 51.
Rc2 Rb1+ 52. Kf2 g3+ 53. Ke2 g4 54. Kd3 1-0

[Event "39th Olympiad Khanty-Mansiysk 2010"]
[Site "Khanty-Mansiysk/Russia"]
[Date "2010.09.22"]
[Round "1"]
[White "Ganguly, Surya Shekhar"]
[Black "Collutiis, Duilio"]
[Result "1-0"]
[WhiteElo "2650"]
[BlackElo "2447"]
[PlyCount "71"]
[EventDate "2010.??.??"]
[WhiteTeam "India"]
[BlackTeam "ICS"]
[WhiteTeamCountry "IND"]
[TimeControl "40/5400+30:1800+30"]

1. e4 e5 2. Nf3 Nc6 3. Bb5 Nf6 4. O-O Nxe4 5. d4 Nd6 6. Bxc6 dxc6 7. dxe5 Nf5
8. Qxd8+ Kxd8 9. Nc3 h6 10. h3 Ne7 11. Bf4 Bd7 12. Rad1 Kc8 13. Rfe1 Ng6 14.
Bh2 Bb4 15. Re3 Re8 16. Nd4 Bxc3 17. Rxc3 Nxe5 18. Re1 f6 19. Rce3 Rg8 20. Bxe5
fxe5 21. Rxe5 b6 22. Re7 c5 23. Ne6 Bxe6 24. R1xe6 Kb7 25. Kf1 Rad8 26. Ke2 Kc8
27. Rg6 Rd7 28. Rxd7 Kxd7 29. Kd3 Kc8 30. Ke4 Rf8 31. f4 Rf7 32. f5 Rd7 33. g4
Kd8 34. f6 gxf6 35. Rg8+ Ke7 36. Rg7+ 1-0

[Event "39th Olympiad Khanty-Mansiysk 2010"]
[Site "Khanty-Mansiysk/Russia"]
[Date "2010.09.22"]
[Round "1"]
[White "Sokolov, Ivan"]
[Black "Adams, Michael"]
[Result "1-0"]
[WhiteElo "2641"]
[BlackElo "2728"]
[PlyCount "113"]
[EventDate "2010.??.??"]
[WhiteTeam "Bosnia  Herzegovina"]
[BlackTeam "England"]
[WhiteTeamCountry "BIH"]
[BlackTeamCountry "ENG"]
[TimeControl "40/5400+30:1800+30"]

1. d4 Nf6 2. c4 e6 3. Nc3 Bb4 4. e3 O-O 5. Bd3 d5 6. cxd5 exd5 7. Nge2 Re8 8.
Bd2 Bf8 9. Rc1 b6 10. Nf4 c5 11. O-O Ba6 12. Bxa6 Nxa6 13. Qf3 cxd4 14. Ncxd5
Ne4 15. Rcd1 Nc7 16. Nxc7 Qxc7 17. exd4 Qc4 18. Qb3 Qxb3 19. axb3 Nxd2 20. Rxd2
Bb4 21. Rd3 Rad8 22. g3 Kf8 23. h4 Bd6 24. Ng2 b5 25. Ne3 Bc5 26. Rfd1 Bb6 27.
Kg2 h5 28. Kf3 Rd6 29. Ng2 Red8 30. d5 g6 31. Nf4 Ke7 32. Rc1 Kf6 33. Rc2 R8d7
34. b4 Kf5 35. Rc5 f6 36. Rxb5 a6 37. Rc5 g5 38. Ng2 a5 39. Ne3+ Kg6 40. Rxa5
g4+ 41. Ke2 Bxa5 42. bxa5 Rb7 43. Nc4 Rd8 44. d6 Rb5 45. Kd1 Kf5 46. Kc2 Ke6
47. Re3+ Kd5 48. b3 Kc6 49. Kb2 Rf5 50. Re2 Rb8 51. Rc2 Rc5 52. Ka3 Kb5 53. Rd2
Rd8 54. d7 Kc6 55. Kb4 Rb5+ 56. Ka4 Kc5 57. Rd5+ 1-0

[Event "39th Olympiad Khanty-Mansiysk 2010"]
[Site "Khanty-Mansiysk/Russia"]
[Date "2010.09.22"]
[Round "1"]
[White "Granda, Zuniga Julio E"]
[Black "Nyback, Tomi"]
[Result "1/2-1/2"]
[WhiteElo "2636"]
[BlackElo "2635"]
[PlyCount "58"]
[EventDate "2010.??.??"]
[WhiteTeam "Peru"]
[BlackTeam "Finland"]
[WhiteTeamCountry "PER"]
[BlackTeamCountry "FIN"]
[TimeControl "40/5400+30:1800+30"]

1. d4 d5 2. c4 c6 3. Nf3 e6 4. Nbd2 Nf6 5. g3 c5 6. Bg2 Nc6 7. O-O cxd4 8. cxd5
exd5 9. Nb3 Bd6 10. Nfxd4 O-O 11. Nxc6 bxc6 12. Be3 Re8 13. Bd4 Ba6 14. Re1 Bb4
15. Bc3 Bxc3 16. bxc3 Qb6 17. Rb1 Rab8 18. Nd4 Qxb1 19. Qxb1 Rxb1 20. Rxb1 c5
21. Nb5 Rb8 22. a4 Bxb5 23. axb5 Kf8 24. h4 Rb6 25. Ra1 Rxb5 26. Bxd5 Nxd5 27.
c4 Rb2 28. cxd5 Rxe2 29. Rc1 Ke7 1/2-1/2

[Event "39th Olympiad Khanty-Mansiysk 2010"]
[Site "Khanty-Mansiysk/Russia"]
[Date "2010.09.22"]
[Round "1"]
[White "Shulman, Yuri"]
[Black "Batchuluun, Tsegmed"]
[Result "1/2-1/2"]
[WhiteElo "2636"]
[BlackElo "2422"]
[PlyCount "104"]
[EventDate "2010.??.??"]
[WhiteTeam "United States"]
[BlackTeam "Mongolia"]
[WhiteTeamCountry "USA"]
[BlackTeamCountry "MGL"]
[TimeControl "40/5400+30:1800+30"]

1. d4 d5 2. c4 c6 3. Nf3 Nf6 4. e3 Bf5 5. Nc3 e6 6. Nh4 Be4 7. f3 Bg6 8. Qb3
Qc7 9. Bd2 Be7 10. cxd5 cxd5 11. Nb5 Qd7 12. Nxg6 hxg6 13. Be2 Nc6 14. O-O O-O
15. Rfc1 Rfc8 16. Qd1 Qd8 17. Qe1 Qd7 18. Bf1 Ne8 19. a3 Nd6 20. b3 Nxb5 21.
Bxb5 a6 22. Bf1 Bd6 23. b4 Ne7 24. Rxc8+ Nxc8 25. Qd1 Nb6 26. Rc1 Rc8 27. Rxc8+
Qxc8 28. Qb3 Nc4 29. Be1 Qc7 30. g3 b5 31. Kg2 g5 32. Bxc4 dxc4 33. Qc2 Qc6 34.
Qe4 Qd5 35. Qxd5 exd5 36. e4 f6 37. Kf2 Kf7 38. Ke3 Ke6 39. Bc3 Bc7 40. Bd2 Bb6
41. Bc3 g6 42. h3 Bc7 43. Be1 Bb8 44. Ke2 Bd6 45. Ke3 Bc7 46. Ke2 Bb6 47. Bc3
Ba7 48. Ke3 Bb8 49. Be1 Bd6 50. Ke2 Bb8 51. Ke3 Bd6 52. Ke2 Bb8 1/2-1/2

[Event "39th Olympiad Khanty-Mansiysk 2010"]
[Site "Khanty-Mansiysk/Russia"]
[Date "2010.09.22"]
[Round "1"]
[White "Stellwagen, Daniel"]
[Black "Iljiushenok, Ilia"]
[Result "0-1"]
[WhiteElo "2635"]
[BlackElo "2412"]
[PlyCount "72"]
[EventDate "2010.??.??"]
[WhiteTeam "Netherlands"]
[BlackTeam "RU4"]
[WhiteTeamCountry "NED"]
[TimeControl "40/5400+30:1800+30"]

1. e4 c5 2. Nf3 Nc6 3. d4 cxd4 4. Nxd4 g6 5. c4 Nf6 6. Nc3 d6 7. Nc2 Bg7 8. Be2
O-O 9. O-O Nd7 10. Bd2 Nc5 11. f3 f5 12. b4 Ne6 13. exf5 Rxf5 14. Nd5 Ned4 15.
Bd3 Nxc2 16. Bxc2 Bxa1 17. Qxa1 Rf7 18. Bc3 Be6 19. Be4 Bf5 20. Re1 Bxe4 21.
Rxe4 e5 22. f4 Ne7 23. fxe5 Nxd5 24. cxd5 dxe5 25. Rxe5 Qb6+ 26. Bd4 Qxb4 27.
h3 Raf8 28. Qc3 Qxc3 29. Bxc3 Rc8 30. Bd4 b6 31. d6 Rd7 32. Re6 Rc2 33. Rf6 Re2
34. Kf1 Re4 35. Bc3 Rf7 36. g3 Re6 0-1

[Event "39th Olympiad Khanty-Mansiysk 2010"]
[Site "Khanty-Mansiysk/Russia"]
[Date "2010.09.22"]
[Round "1"]
[White "Nguyen, Ngoc Truong Son"]
[Black "Radjabov, Teimour"]
[Result "1/2-1/2"]
[WhiteElo "2633"]
[BlackElo "2748"]
[PlyCount "143"]
[EventDate "2010.??.??"]
[WhiteTeam "Vietnam"]
[BlackTeam "Azerbaijan"]
[WhiteTeamCountry "VIE"]
[BlackTeamCountry "AZE"]
[TimeControl "40/5400+30:1800+30"]

1. d4 Nf6 2. Bg5 Ne4 3. Bf4 c5 4. f3 Qa5+ 5. c3 Nf6 6. Nd2 cxd4 7. Nb3 Qb6 8.
Qxd4 Nc6 9. Qxb6 axb6 10. Nd4 e5 11. Nxc6 dxc6 12. Bxe5 Be6 13. e4 Nd7 14. Bd4
Rxa2 15. Rxa2 Bxa2 16. Ne2 f6 17. Kf2 Bd6 18. Ng3 Be6 19. Be2 g6 20. Ra1 Ke7
21. Be3 b5 22. b4 Ne5 23. Ra7 Rb8 24. Nf1 Nc4 25. Bxc4 Bxc4 26. Nd2 Be6 27. f4
Kd7 28. g3 f5 29. Bb6 Bc7 30. Bxc7 Kxc7 31. exf5 Bxf5 32. Nf3 Re8 33. Ra1 Kd6
34. Ne5 Rc8 35. Rd1+ Ke7 36. g4 Be6 37. Re1 Kd6 38. Kg3 c5 39. Kh4 cxb4 40.
cxb4 Rc2 41. h3 Rc3 42. Rd1+ Ke7 43. Rd3 Rxd3 44. Nxd3 Kf6 45. Nf2 Bd5 46. Nd1
Bf3 47. Ne3 Be4 48. g5+ Ke6 49. Kg4 Bc6 50. h4 Be8 51. Kf3 Bc6+ 52. Ke2 Be4 53.
Kd2 Bc6 54. Kd3 b6 55. Kd4 Bf3 56. Kd3 Bc6 57. Ke2 Be4 58. Kf2 Bc6 59. Kg3 Be8
60. Kg4 Bf7 61. Kf3 Be8 62. Ng4 Bc6+ 63. Ke3 Bb7 64. Nf6 h6 65. Ne4 hxg5 66.
hxg5 Bc6 67. Ng3 Be8 68. Kd4 Bd7 69. Ke4 Bc6+ 70. Kd4 Bd7 71. Ke4 Bc6+ 72. Kd4
1/2-1/2

[Event "39th Olympiad Khanty-Mansiysk 2010"]
[Site "Khanty-Mansiysk/Russia"]
[Date "2010.09.22"]
[Round "1"]
[White "Tkachiev, Vladislav"]
[Black "Pavasovic, Dusko"]
[Result "1/2-1/2"]
[WhiteElo "2632"]
[BlackElo "2568"]
[PlyCount "81"]
[EventDate "2010.??.??"]
[WhiteTeam "France"]
[BlackTeam "Slovenia"]
[WhiteTeamCountry "FRA"]
[BlackTeamCountry "SLO"]
[TimeControl "40/5400+30:1800+30"]

1. d4 d5 2. c4 e6 3. Nf3 Nf6 4. Nc3 c6 5. e3 Nbd7 6. Qc2 Bd6 7. g4 h6 8. Bd2
dxc4 9. Bxc4 b5 10. Be2 Bb7 11. g5 hxg5 12. Nxg5 Qe7 13. Bf3 Rb8 14. Nxb5 cxb5
15. Bxb7 O-O 16. Bg2 e5 17. O-O exd4 18. exd4 Qe2 19. Rae1 Qh5 20. f4 Nb6 21.
Re3 Rfe8 22. Rxe8+ Rxe8 23. Qc6 Nc4 24. Bc1 Bf8 25. Qxb5 Ne3 26. Re1 Qh4 27.
Nf3 Qxf4 28. Qd3 Nfg4 29. h3 Qg3 30. Bxe3 Rxe3 31. Rxe3 Qf2+ 32. Kh1 Nxe3 33.
Qd2 Qxd2 34. Nxd2 Bb4 35. Ne4 f5 36. Nc5 Kf7 37. Bf3 Ke7 38. Kg1 g5 39. a3 Ba5
40. Kf2 Nc2 41. Nb3 1/2-1/2

[Event "39th Olympiad Khanty-Mansiysk 2010"]
[Site "Khanty-Mansiysk/Russia"]
[Date "2010.09.22"]
[Round "1"]
[White "Iordachescu, Viorel"]
[Black "Bogner, Sebastian"]
[Result "1-0"]
[WhiteElo "2632"]
[BlackElo "2549"]
[PlyCount "89"]
[EventDate "2010.??.??"]
[WhiteTeam "Moldova"]
[BlackTeam "Germany"]
[WhiteTeamCountry "MDA"]
[BlackTeamCountry "GER"]
[TimeControl "40/5400+30:1800+30"]

1. d4 d5 2. c4 c6 3. Nf3 Nf6 4. Nc3 a6 5. c5 Bf5 6. h3 g6 7. Bf4 Nbd7 8. e3 Bg7
9. Be2 O-O 10. O-O Ne4 11. Qb3 Ra7 12. Rad1 h6 13. Bh2 g5 14. Na4 Bg6 15. Ne1
Re8 16. f3 Nef6 17. Bd3 e5 18. Bxg6 fxg6 19. g4 exd4 20. exd4 Nh7 21. Nc2 Nhf8
22. Qd3 Kh7 23. Nc3 Ne6 24. Ne2 a5 25. f4 gxf4 26. Nxf4 Nxf4 27. Bxf4 b6 28.
cxb6 Qxb6 29. b3 a4 30. b4 Re4 31. Bd6 Qa6 32. Qxa6 Rxa6 33. Rf7 Nf6 34. Be5
Kg8 35. Rb7 Ra8 36. Rf1 Rf8 37. Rc7 Ne8 38. Rxc6 Bxe5 39. dxe5 Rxf1+ 40. Kxf1
Kf7 41. b5 Rxe5 42. b6 Re7 43. Nb4 d4 44. Nd5 Rd7 45. Rc7 1-0

[Event "39th Olympiad Khanty-Mansiysk 2010"]
[Site "Khanty-Mansiysk/Russia"]
[Date "2010.09.22"]
[Round "1"]
[White "Rodshtein, Maxim"]
[Black "Novita, Anjas"]
[Result "1-0"]
[WhiteElo "2632"]
[BlackElo "2356"]
[PlyCount "71"]
[EventDate "2010.??.??"]
[WhiteTeam "Israel"]
[BlackTeam "Indonesia"]
[WhiteTeamCountry "ISR"]
[BlackTeamCountry "INA"]
[TimeControl "40/5400+30:1800+30"]

1. d4 Nf6 2. c4 e6 3. Nf3 d5 4. g3 c6 5. Bg2 dxc4 6. Ne5 Bb4+ 7. Bd2 Qxd4 8.
Bxb4 Qxe5 9. Na3 b5 10. Bd6 Qxb2 11. O-O a6 12. Rb1 Qc3 13. Bxb8 Rxb8 14. Qd6
Rb6 15. Nxc4 Qxc4 16. Rbc1 Qxe2 17. Bxc6+ Nd7 18. Rfd1 Kd8 19. Qd4 Rxc6 20.
Rxc6 Ke7 21. Rc7 h5 22. Rdc1 h4 23. Qxg7 hxg3 24. Qg5+ f6 25. Qg7+ Kd6 26.
Qxg3+ e5 27. R7c6+ Kd5 28. Qg2+ e4 29. Qg3 e3 30. Rd6+ Ke4 31. f3+ Qxf3 32.
Rd4+ Kxd4 33. Qxf3 Ne5 34. Rd1+ Kc4 35. Qxe3 Rh3 36. Qd4# 1-0

[Event "39th Olympiad Khanty-Mansiysk 2010"]
[Site "Khanty-Mansiysk/Russia"]
[Date "2010.09.22"]
[Round "1"]
[White "Adly, Ahmed"]
[Black "Papaioannou, Ioannis"]
[Result "1-0"]
[WhiteElo "2630"]
[BlackElo "2622"]
[PlyCount "99"]
[EventDate "2010.??.??"]
[WhiteTeam "Egypt"]
[BlackTeam "Greece"]
[WhiteTeamCountry "EGY"]
[BlackTeamCountry "GRE"]
[TimeControl "40/5400+30:1800+30"]

1. Nf3 Nf6 2. g3 d5 3. Bg2 c6 4. O-O Bg4 5. c4 e6 6. b3 Nbd7 7. Bb2 Bd6 8. d3
Bxf3 9. Bxf3 h5 10. cxd5 exd5 11. e4 dxe4 12. Bxe4 O-O 13. Nd2 Re8 14. Nc4 Ne5
15. Bf3 h4 16. Re1 Qc7 17. Kg2 Rad8 18. Re3 Nxc4 19. Rxe8+ Nxe8 20. bxc4 Be5
21. Rb1 Bxb2 22. Rxb2 Nf6 23. d4 b6 24. Rd2 hxg3 25. hxg3 c5 26. d5 Ne8 27. Be4
Qe5 28. Re2 Qc7 29. Bc2 Nd6 30. Qd3 g6 31. Ba4 Rc8 32. Re1 Nf5 33. g4 Nd4 34.
Qe3 Kg7 35. Be8 Nc2 36. Qc3+ Nd4 37. Qh3 Qf4 38. Re7 Rc7 39. Bd7 Rxd7 40. Re8
Qf3+ 41. Qxf3 Nxf3 42. Kxf3 b5 43. Ke4 bxc4 44. Ke5 c3 45. Rc8 Re7+ 46. Kd6 Re2
47. Rxc5 Rxf2 48. Kc7 f5 49. d6 fxg4 50. d7 1-0

[Event "39th Olympiad Khanty-Mansiysk 2010"]
[Site "Khanty-Mansiysk/Russia"]
[Date "2010.09.22"]
[Round "1"]
[White "Mchedlishvili, Mikheil"]
[Black "Chan, Wei Xuan Timothy"]
[Result "1-0"]
[WhiteElo "2628"]
[BlackElo "2338"]
[PlyCount "135"]
[EventDate "2010.??.??"]
[WhiteTeam "Georgia"]
[BlackTeam "Singapore"]
[WhiteTeamCountry "GEO"]
[BlackTeamCountry "SIN"]
[TimeControl "40/5400+30:1800+30"]

1. Nf3 Nf6 2. c4 b6 3. g3 c5 4. Bg2 Bb7 5. O-O g6 6. d4 cxd4 7. Qxd4 Bg7 8. Nc3
O-O 9. Qh4 Re8 10. Bh6 Bh8 11. Rad1 d6 12. Bh3 Bc8 13. Bg2 Bb7 14. e4 Nbd7 15.
Bh3 Nh5 16. Nd4 Bf6 17. Qg4 Ne5 18. Qe2 Nc6 19. Nxc6 Bxc6 20. Nd5 Bg7 21. Bxg7
Kxg7 22. e5 Kg8 23. Rfe1 Bxd5 24. Rxd5 Ng7 25. Qd3 Qc7 26. exd6 exd6 27. Rd1
Rad8 28. b3 Ne6 29. Qd2 Nc5 30. Bg2 Re6 31. Bf3 Nb7 32. Rd4 Kg7 33. Bd5 Re5 34.
Rh4 h5 35. Qb2 f6 36. Rhd4 Rde8 37. Kg2 Qe7 38. Bf3 Qc7 39. Qd2 Rd8 40. b4 Rd7
41. Qd3 Rde7 42. h4 f5 43. Qd2 R7e6 44. Kg1 Re7 45. Kh2 Kh7 46. a3 Qc8 47. Qf4
Qe8 48. Bxb7 Rxb7 49. Rxd6 Re4 50. Qf3 f4 51. gxf4 Rf7 52. Rd7 Rxc4 53. Rxf7+
Qxf7 54. Kg3 Qf6 55. Qb7+ Kh6 56. Qb8 Rd4 57. Rxd4 Qxd4 58. Qe5 Qd3+ 59. f3 Kh7
60. Qe7+ Kg8 61. Qe6+ Kg7 62. Qe5+ Kf7 63. f5 gxf5 64. Kf4 Kg6 65. Qe6+ Kg7 66.
Kg5 Qd2+ 67. Kxh5 Qd3 68. Qe7+ 1-0

[Event "39th Olympiad Khanty-Mansiysk 2010"]
[Site "Khanty-Mansiysk/Russia"]
[Date "2010.09.22"]
[Round "1"]
[White "Sjugirov, Sanan"]
[Black "Van Wely, Loek"]
[Result "1/2-1/2"]
[WhiteElo "2627"]
[BlackElo "2679"]
[PlyCount "127"]
[EventDate "2010.??.??"]
[WhiteTeam "RU4"]
[BlackTeam "Netherlands"]
[BlackTeamCountry "NED"]
[TimeControl "40/5400+30:1800+30"]

1. e4 c5 2. Nf3 e6 3. d4 cxd4 4. Nxd4 a6 5. Bd3 Bc5 6. Nb3 Be7 7. Qg4 Bf6 8.
Qg3 Nc6 9. Nc3 d6 10. O-O Nge7 11. f4 O-O 12. Be3 e5 13. f5 Nb4 14. Rad1 b5 15.
a3 Nxd3 16. Rxd3 Bb7 17. Bc5 Nc8 18. Rfd1 Bh4 19. Qh3 Be7 20. Qh5 g6 21. Qh6
Bg5 22. Qh3 Qc7 23. Be3 Bxe3+ 24. Rxe3 f6 25. fxg6 hxg6 26. Rg3 Kg7 27. Qe6 Bc6
28. Rdd3 Bd7 29. Qd5 Qb6+ 30. Kf1 Ra7 31. Ne2 Be8 32. Qe6 Bf7 33. Qg4 Ne7 34.
Rh3 Raa8 35. Qd7 Ra7 36. Qxd6 Qxd6 37. Rxd6 f5 38. Nc5 fxe4 39. Ke1 Rc8 40. b4
a5 41. Nc3 axb4 42. axb4 Nc6 43. N3xe4 Nxb4 44. Rc3 Rac7 45. g3 Nd5 46. Rf3 Bg8
47. Nd3 Rxc2 48. Rd7+ Kh6 49. Rf2 R2c7 50. Rxc7 Rxc7 51. Rf8 Kg7 52. Rb8 Nc3
53. Nd6 Re7 54. Ne8+ Kh6 55. Nf2 Be6 56. Nd6 Ra7 57. Nxb5 Ra1+ 58. Kd2 Ra2+ 59.
Kxc3 Rxf2 60. Nd6 Bf5 61. Re8 Rc2+ 62. Kb3 Rd2 63. Nf7+ Kg7 64. Nxe5 1/2-1/2

[Event "39th Olympiad Khanty-Mansiysk 2010"]
[Site "Khanty-Mansiysk/Russia"]
[Date "2010.09.22"]
[Round "1"]
[White "L'Ami, Erwin"]
[Black "Bezgodov, Alexei"]
[Result "1-0"]
[WhiteElo "2624"]
[BlackElo "2485"]
[PlyCount "53"]
[EventDate "2010.??.??"]
[WhiteTeam "Netherlands"]
[BlackTeam "RU4"]
[WhiteTeamCountry "NED"]
[TimeControl "40/5400+30:1800+30"]

1. d4 d5 2. c4 dxc4 3. Nf3 a6 4. e3 b5 5. a4 Bb7 6. b3 cxb3 7. axb5 axb5 8.
Rxa8 Bxa8 9. Bxb5+ c6 10. Bc4 e6 11. Qxb3 Nd7 12. O-O Ngf6 13. Ng5 Be7 14. e4
Qb8 15. Qa2 h6 16. Nxf7 Kxf7 17. Bxe6+ Ke8 18. Bf4 Qxf4 19. Qxa8+ Nb8 20. Nc3
Rf8 21. e5 Nfd7 22. Bxd7+ Kxd7 23. Qb7+ Ke6 24. d5+ cxd5 25. Qxd5+ Kf5 26. Qd3+
Kg5 27. Nd5 1-0

[Event "39th Olympiad Khanty-Mansiysk 2010"]
[Site "Khanty-Mansiysk/Russia"]
[Date "2010.09.22"]
[Round "1"]
[White "Delchev, Aleksander"]
[Black "Palac, Mladen"]
[Result "1/2-1/2"]
[WhiteElo "2623"]
[BlackElo "2561"]
[PlyCount "94"]
[EventDate "2010.??.??"]
[WhiteTeam "Bulgaria"]
[BlackTeam "Croatia"]
[WhiteTeamCountry "BUL"]
[BlackTeamCountry "CRO"]
[TimeControl "40/5400+30:1800+30"]

1. d4 Nf6 2. c4 e6 3. Nf3 d5 4. Nc3 Bb4 5. cxd5 exd5 6. Bg5 h6 7. Bh4 c5 8.
dxc5 Nbd7 9. Rc1 Qa5 10. a3 Bxc3+ 11. Rxc3 Ne4 12. b4 Nxc3 13. Qa1 Qa6 14. Qxc3
Qg6 15. e3 Qb1+ 16. Kd2 O-O 17. Rg1 a5 18. Bc4 axb4 19. axb4 Qe4 20. Bd3 Qe6
21. Nd4 Qe5 22. Bg3 Qf6 23. Nb5 Ra2+ 24. Kc1 Ra1+ 25. Bb1 Qa6 26. Nc7 Qa2 27.
Qc2 Qxc2+ 28. Kxc2 Nf6 29. Kb2 Ra4 30. Kb3 Bd7 31. Rc1 Ra7 32. b5 Ne4 33. Bxe4
dxe4 34. Kb4 Ra2 35. Rd1 Bg4 36. Rd4 Be2 37. Rxe4 Bf1 38. Kb3 Re2 39. Rd4 Bxg2
40. Nd5 Bxd5+ 41. Rxd5 Rc8 42. Kb4 Ra2 43. Be5 Rca8 44. Rd7 R8a4+ 45. Kc3 R2a3+
46. Kb2 Ra2+ 47. Kb3 R2a3+ 1/2-1/2

[Event "39th Olympiad Khanty-Mansiysk 2010"]
[Site "Khanty-Mansiysk/Russia"]
[Date "2010.09.22"]
[Round "1"]
[White "Howell, David W L"]
[Black "Stojanovic, Dalibor"]
[Result "1/2-1/2"]
[WhiteElo "2616"]
[BlackElo "2496"]
[PlyCount "100"]
[EventDate "2010.??.??"]
[WhiteTeam "England"]
[BlackTeam "Bosnia  Herzegovina"]
[WhiteTeamCountry "ENG"]
[BlackTeamCountry "BIH"]
[TimeControl "40/5400+30:1800+30"]

1. c4 e6 2. d4 Nf6 3. g3 Bb4+ 4. Bd2 Bxd2+ 5. Qxd2 d5 6. Bg2 O-O 7. Nf3 Qe7 8.
O-O c6 9. Rc1 Nbd7 10. b4 e5 11. dxe5 Nxe5 12. cxd5 Nxd5 13. b5 Nb6 14. a4 Bd7
15. Nc3 Nbc4 16. Qf4 a6 17. Nxe5 Nxe5 18. Rab1 axb5 19. axb5 Rfd8 20. Qe3 Bf5
21. bxc6 bxc6 22. Ra1 Rxa1 23. Rxa1 Bd7 24. Ra7 Qd6 25. h3 h6 26. Ne4 Qb8 27.
Kh2 Be6 28. Nc3 Bd5 29. Nxd5 cxd5 30. Qc5 Nd7 31. Qa3 Nf6 32. Qe7 Rf8 33. Bf3
Qb6 34. Kg2 Ne4 35. Bxe4 dxe4 36. g4 Qg6 37. Rd7 h5 38. Rd8 Rxd8 39. Qxd8+ Kh7
40. Qh4 Kh6 41. Qg3 hxg4 42. hxg4 Qe6 43. Qh2+ Kg6 44. Qf4 f6 45. Kg3 Qb3+ 46.
Kh4 Qd5 47. e3 Kf7 48. Qc7+ Kg6 49. Qf4 Kf7 50. Qc7+ Kg6 1/2-1/2